 Dungeon Crawl Stone Soup version 0.29-a0-418-gc0181ea820 (webtiles) character file.

Game seed: 11857855359938669822

24 Hubjo the Firebug (level 2, 0/16 HPs)
             Began as a Deep Elf Fire Elementalist on May 17, 2022.
             Was a Follower of Qazlal.
             Slain by a bat (1 damage)
             ... on level 1 of the Dungeon.
             The game lasted 00:00:37 (792 turns).

Hubjo the Firebug (Deep Elf Fire Elementalist)       Turns: 792, Time: 00:00:37

Health: 0/16       AC:  2    Str:  5    XL:     2   Next: 79%
Magic:  8/8        EV: 12    Int: 19    God:    Qazlal [*.....]
Gold:   37         SH:  1    Dex: 15    Spells: 6/7 levels left

rFire   . . .      SeeInvis .   (no weapon)
rCold   . . .      Faith    .   (no shield)
rNeg    . . .      Spirit   .   a - +0 robe
rPois   .          Reflect  .   (no helmet)
rElec   .          Harm     .   (no cloak)
rCorr   .          Rampage  .   (no gloves)
Will    .....                   (no boots)
Stlth   ++........              (no amulet)
HPRegen 0.05/turn               (no ring)
MPRegen 0.11/turn               (no ring)

@: no status effects
A: no striking features
a: Renounce Religion


You were on level 1 of the Dungeon.
You worshipped Qazlal.
Qazlal was aware of your devotion.
You visited 1 branch of the dungeon, and saw 1 of its levels.

You collected 37 gold pieces.

Inventory:

Armour
 a - a +0 robe (worn)
Scrolls
 c - 2 scrolls of identify {unknown}
 d - a scroll of amnesia {unknown}
 e - a scroll of fog {unknown}
Potions
 b - a potion of magic
 f - a potion of lignification {unknown}


   Skills:
 * Level 1.1 Fighting
 - Level 2.4 Dodging
 + Level 2.9 Stealth
 + Level 3.4 Spellcasting
 - Level 1.1 Conjurations
 + Level 3.5 Fire Magic


You had 6 spell levels left.
You knew the following spells:

 Your Spells              Type           Power      Damage    Failure   Level
a - Foxfire               Conj/Fire      48%        2x1d6     5%          1

Your spell library contained the following spells:

 Spells                   Type           Power      Damage    Failure   Level
 Scorch                   Fire           32%        2d6       5%          2
 Conjure Flame            Conj/Fire      12%        6-21      17%         3
 Inner Flame              Hex/Fire       9%         N/A       22%         3
 Flame Wave               Conj/Fire      12%        2d6       50%         4


Dungeon Overview and Level Annotations

Branches:
Dungeon (1/15)

Altars:
Qazlal


Message History

The bat closely misses you. The bat closely misses you. The bat hits you.
* * * LOW HITPOINT WARNING * * *
The bat hits you but does no damage. The bat hits you.
* * * LOW HITPOINT WARNING * * *
The bat hits you but does no damage. The bat hits you but does no damage.
The bat closely misses you. The bat misses you. The bat closely misses you. x2
The bat barely misses you. The bat barely misses you. The bat hits you.
* * * LOW HITPOINT WARNING * * *
The bat hits you but does no damage. The bat hits you but does no damage.
The bat hits you but does no damage. The bat barely misses you.
The bat closely misses you. The bat closely misses you.
The bat hits you but does no damage. The bat hits you but does no damage.
The bat closely misses you. The bat barely misses you. The bat hits you.
* * * LOW HITPOINT WARNING * * *
The bat barely misses you. The bat hits you but does no damage.
The bat barely misses you. The bat hits you but does no damage.
The bat hits you but does no damage. The bat hits you but does no damage.
The bat hits you.
* * * LOW HITPOINT WARNING * * *
The bat hits you.
* * * LOW HITPOINT WARNING * * *
The bat hits you.
You die...

....# #..........#
....#
##......)...###
....#
#..≈.≈.≈.≈≈...#
....#
#≈≈.≈.≈≈.≈≈≈≈.#
....#
#≈≈≈≈≈≈≈≈≈≈≈≈)#
.)..#
#.≈≈≈≈≈≈≈≈≈≈..#
....##
#≈≈≈≈≈≈≈≈≈≈≈≈.#
...PP##
#..≈≈†☼≈≈≈≈≈.≈#♣♣.♣
..♣PP.#
#..≈≈≈.@b≈≈≈........
.P♣♣P.#
#≈.≈≈≈♣.♣≈≈≈≈......#
.♣P♣..#
#..≈≈≈≈≈≈≈≈≈.......#
..P♣P.#
#..≈≈≈≈≈≈≈≈≈.......#
.....##
#≈≈≈≈≈≈≈≈≈≈≈.≈.....#
######
#≈.≈≈≈≈.≈..≈.≈.....#
#..≈≈≈.≈..≈.≈≈.....#
########.#......>.


You could see a bat.

Vanquished Creatures
  3 dart slugs (D:1)
  2 endoplasms (D:1)
  3 goblins (D:1)
  3 jackals (D:1)
  3 ball pythons (D:1)
  2 kobolds (D:1)
  A rat (D:1)
17 creatures vanquished.

Vanquished Creatures (others)
  97 foxfires (D:1)
97 creatures vanquished.

Grand Total: 114 creatures vanquished

Notes
Turn   | Place    | Note
-------+----------+-------------------------------------------
     0 | D:1      | Hubjo the Deep Elf Fire Elementalist began the quest for
                  | the Orb.
     0 | D:1      | Reached XP level 1. HP: 10/10 MP: 6/6
   238 | D:1      | Reached XP level 2. HP: 16/16 MP: 4/8
   454 | D:1      | Reached skill level 1 in Fighting
   667 | D:1      | Found a faded altar of an unknown god.
   703 | D:1      | Prayed at the altar of an unknown god.
   703 | D:1      | Became a worshipper of Qazlal Stormbringer
   703 | D:1      | Reached * piety under Qazlal
   792 | D:1      | Slain by a bat

Illustrated notes

Levels and vault maps discovered:
D:1:      wander_arrival_estate, layout_basic, serial_forest,
          infiniplex_forest_clump_C, infiniplex_forest_lined_ring,
          infiniplex_forest_end_3, infiniplex_forest_straight_5,
          infiniplex_forest_lined_room_2, infiniplex_forest_straight_4,
          infiniplex_forest_clump_small, chequers_ecumenical_altar_island

Skill      XL: |  1  2 |
---------------+-------+-----
Fighting       | 1 |  1.1
Dodging        | |  2.4
Stealth        | |  2.9
Spellcasting   | |  3.4
Conjurations   | |  1.1
Fire Magic     | |  3.5

Action                   || total
-------------------------++-------
Melee: Unarmed           ||     1
 Cast: Foxfire           ||    56
Armor: Robe              ||    29
Dodge: Dodged            ||    56
Block: Other             ||     4

Table legend: (Time is in decaauts)
 A = Elapsed time spent in this place.
 B = Non-inter-level travel time spent in this place.
 C = Inter-level travel time spent in this place.
 D = Time resting spent in this place.
 E = Time spent auto-exploring this place.
 F = Levels seen in this place.
 G = Mean time per level.
                   A        B        C        D        E       F      G
               +--------+--------+--------+--------+--------+-----+--------+
         Total |    795 |    784 |     11 |      0 |    592 |   1 |  795.0 |
       Dungeon |    795 |    784 |     11 |      0 |    592 |   1 |  795.0 |
               +--------+--------+--------+--------+--------+-----+--------+

Top non-repeatable levels by time:
     D:1: 795 daAuts
